 Dungeon Crawl Stone Soup version 0.29.1-13-g9f3cf754e1 (webtiles) character file.

Game seed: 10269444770902965114

487 Peloso the Covered (level 6, -5/56 HPs)
             Began as a Minotaur Fighter on Jan 22, 2023.
             Killed by divine providence
             ... invoked by an orc priest
              (14 damage)
             ... on level 4 of the Dungeon.
             The game lasted 00:05:50 (4047 turns).

Peloso the Covered (Minotaur Fighter)               Turns: 4047, Time: 00:05:51

Health: -5/56      AC:  8    Str: 20    XL:     6   Next: 89%
Magic:  5/5        EV: 10    Int:  5    God:
Gold:   262        SH:  0    Dex: 12    Spells: 5/5 levels left

rFire   . . .      SeeInvis .   a - +1 long sword
rCold   . . .      Faith    .   (no shield)
rNeg    . . .      Spirit   .   b - +1 scale mail
rPois   .          Reflect  .   (helmet restricted)
rElec   .          Harm     .   (no cloak)
rCorr   .          Rampage  .   (no gloves)
Will    .....                   (no boots)
Stlth   ..........              (no amulet)
HPRegen 0.18/turn               (no ring)
MPRegen 0.09/turn               (no ring)

@: confused
A: horns 2, retaliatory headbutt
a: no special abilities


You were on level 4 of the Dungeon.
You visited 1 branch of the dungeon, and saw 4 of its levels.

You collected 262 gold pieces.

Inventory:

Hand Weapons
 a - a +1 long sword (weapon)
Armour
 b - a +1 scale mail (worn)
 c - a +0 ring mail
 d - a +0 buckler
Wands
 k - a wand of roots (5)
Scrolls
 e - 4 scrolls of enchant armour
 i - 5 scrolls of fog
 l - a scroll of teleportation
 n - a scroll of summoning
Potions
 g - a potion of might
 h - a potion of cancellation
 m - 2 potions of mutation
 o - a potion of invisibility {unknown}


   Skills:
 + Level 5.2 Fighting
 + Level 5.6 Long Blades
 + Level 5.8 Armour
 + Level 1.0 Dodging
 + Level 0.4 Stealth
 + Level 4.8 Shields


You had 5 spell levels left.
You didn't know any spells.
Your spell library contained the following spells:

 Spells                   Type           Power      Damage    Failure   Level
 Apportation              Tloc           0%         N/A       80%         1
 Necrotise                Necr           0%         1d4       80%         1
 Summon Small Mammal      Summ           0%         N/A       80%         1
 Dazzling Flash           Conj/Hex       0%         N/A       99%         3
 Inner Flame              Hex/Fire       0%         N/A       99%         3
 Stone Arrow              Conj/Erth      0%         3d7       99%         3
 Animate Armour           Summ/Erth      0%         N/A       100%        4
 Cause Fear               Hex            0%         N/A       100%        4
 Agony                    Necr           0%         N/A       100%        5
 Silence                  Hex/Air        0%         N/A       100%        5
 Discord                  Hex            0%         N/A       100%        8
 Lehudib's Crystal Spear  Conj/Erth      0%         10d2      100%        8


Dungeon Overview and Level Annotations

Branches:
Dungeon (4/15)             Temple (0/1) D:4

Altars:
Trog


Innate Abilities, Weirdness & Mutations

You have a pair of horns on your head.
You reflexively headbutt those who attack you in melee.


Message History

You are more confused.
The orc wizard misses you.
The orc wizard attacks as you move away!
The orc wizard hits you with a +0 dagger.
The orc wizard points at you and mumbles some strange words.
The magic dart hits you!
You see here a scroll of teleportation.
The orc wizard hits you but does no damage.
The orc priest hits you but does no damage.
You're too confused to move!
The orc wizard hits you but does no damage.
The orc priest begins to cast a cantrip, but forgets the words!
The orc barely misses you. The orc hits you but does no damage.
The orc hits you with a +0 falchion.
You slash the orc priest! You headbutt the orc priest.
The orc priest is almost dead.
The orc wizard gestures at you while chanting.
The magic dart hits you!
The orc priest calls down the wrath of Beogh upon you.
Beogh smites you! The orc hits you but does no damage.
The orc hits you with a +0 club. The orc hits you with a +0 falchion.
You hit the orc wizard. Your headbutt misses the orc wizard.
The orc wizard is moderately wounded.
The orc wizard hits you but does no damage.
The orc priest barely misses you. The orc hits you with a +0 hand axe.
* * * LOW HITPOINT WARNING * * *
The orc closely misses you. The orc hits you but does no damage.
The orc wizard hits you but does no damage.
The orc hits you but does no damage.
The orc priest hits you but does no damage.
The orc hits you with a +0 falchion.
* * * LOW HITPOINT WARNING * * *
The orc hits you but does no damage.
You bump into the translucent rock wall.
The orc wizard points at you and mumbles some strange words.
The magic dart hits you.
* * * LOW HITPOINT WARNING * * *
The orc priest calls down the wrath of Beogh upon you.
Beogh smites you!
You die...

.............).......##
#######...#..........##
#...#........(.##
#...######..##### #...#
##.## #...# #..# #...#
##.# ########o..# #.##
......o@o..# #..#
#.#.#.#oo..# ##)###
...........# #.#..
......#....# #.#..
............. #.'..
..>...#....... ###..
............... #..
......#...##### ###


You could see an orc priest, an orc wizard and 3 orcs.

Vanquished Creatures
  Grinder (D:3)
  Sigmund (D:2)
  A jelly (D:4)
  4 adders
  A worm (D:2)
  3 dart slugs
  An orc (D:4)
  4 bats
  9 endoplasms
  2 goblins (D:1)
  5 hobgoblins
  2 jackals (D:4)
  5 quokkas
  5 ball pythons
  4 frilled lizards
  6 kobolds
  3 rats
57 creatures vanquished.

Vanquished Creatures (others)
  An orc wizard (D:4)
1 creature vanquished.

Grand Total: 58 creatures vanquished

Notes
Turn   | Place    | Note
-------+----------+-------------------------------------------
     0 | D:1      | Peloso the Minotaur Fighter began the quest for the Orb.
     0 | D:1      | Reached XP level 1. HP: 19/19 MP: 0/0
   248 | D:1      | Reached XP level 2. HP: 27/27 MP: 1/1
   416 | D:1      | Found a faded altar of an unknown god.
   968 | D:2      | Reached XP level 3. HP: 27/33 MP: 2/2
  1106 | D:2      | Noticed Sigmund
  1121 | D:2      | Killed Sigmund
  1122 | D:2      | Reached XP level 4. HP: 15/41 MP: 3/3
  1122 | D:2      | Reached XP level 5. HP: 17/47 MP: 4/4
  2155 | D:3      | Reached skill level 5 in Armour
  2230 | D:3      | Noticed Grinder
  2272 | D:3      | Killed Grinder
  2273 | D:3      | Reached skill level 5 in Fighting
  2273 | D:3      | Reached skill level 5 in Long Blades
  2273 | D:3      | Reached XP level 6. HP: 5/56 MP: 5/5
  2823 | D:3      | Reached skill level 1 in Dodging
  4000 | D:4      | Found a bloodstained altar of Trog.
  4033 | D:4      | Found a staircase to the Ecumenical Temple.
  4047 | D:4      | Killed from afar by an orc priest

Illustrated notes

Levels and vault maps discovered:
D:1:      dpeg_arrival_refuge, layout_loops_ring, ebering_ecumenical_altar_mist
D:2:      layout_basic, uniq_sigmund
D:3:      layout_basic, dreamdust_princess_bridge, uniq_grinder
D:4:      layout_basic, lemuel_coloured_pillars_altar,
          minmay_temple_entry_glass, hangedman_decor_diamond_cutter

Skill      XL: |  1  2  3  4  5  6 |
---------------+-------------------+-----
Armour         | 4 5 |  5.8
Fighting       | 4 5 |  5.2
Shields        | 4 |  4.8
Long Blades    | 4 5 |  5.6
Dodging        | 1 |  1.0
Stealth        | |  0.4

Action                   |  1- 3 |  4- 6 || total
-------------------------+-------+-------++-------
Melee: Long sword        |    57 |   102 ||   159
       Headbutt          |     7 |    15 ||    22
       Punch             |       |     1 ||     1
  Use: Scroll            |     7 |     7 ||    14
       Potion            |       |     3 ||     3
Armor: Scale mail        |    24 |    52 ||    76
Dodge: Dodged            |    23 |    66 ||    89
Block: Buckler           |    12 |     5 ||    17
